 Dungeon Crawl Stone Soup version 0.31-a0-799-g6bc09d010c (webtiles) character file.

Game seed: 90657871731164656

14923 DeathSun the Basher (level 12, -20/77 HPs)
             Began as a Gargoyle Reaver on Sept 19, 2023.
             Was an Elder of Qazlal.
             Killed from afar by a deep elf pyromancer (39 damage)
             ... with a bolt of fire
             ... in a volcano.
             The game lasted 00:38:04 (9435 turns).

DeathSun the Basher (Gargoyle Reaver)               Turns: 9435, Time: 00:38:04

Health: -20/77     AC: 30    Str: 22    XL:     12   Next: 21%
Magic:  27/27      EV:  6    Int: 13    God:    Qazlal [****..]
Gold:   437        SH:  8    Dex:  8    Spells: 15/15 levels left

rFire   . . .        P - +2 flail (heavy)
rCold   + . .        O - +0 buckler
rNeg    + . .        Q - +0 plate armour
rPois   ∞            t - +2 helmet
rElec   +            F - +2 cloak
rCorr   .            (no gloves)
SInv    .            g - +0 pair of boots
Will    .....        i - amulet of regeneration Stlth
                     y - ring of protection from cold
HPRegen 1.12/turn    o - ring of magical power
MPRegen 0.20/turn

%: repel missiles
@: no status effects
A: sickness immunity, AC +8, negative energy resistance 1, electricity
resistance, torment resistance 1, petrification resistance
a: Renounce Religion, Upheaval, Elemental Force


You were in a volcano.
You worshipped Qazlal.
Qazlal was greatly pleased with you.
You visited 2 branches of the dungeon, and saw 11 of its levels.
You also visited: Ossuary, Bailey and Volcano.

You collected 809 gold pieces.
You spent 372 gold pieces at shops.

Inventory:

Hand Weapons
 a - a +0 mace
 r - a +0 flail
 A - a +1 mace of holy wrath
 P - a +2 heavy flail (weapon)
Armour
 b - a +0 leather armour
 g - a +0 pair of boots (worn)
 t - a +2 helmet (worn)
 w - a +0 scale mail
 F - a +2 cloak (worn)
 O - a +0 buckler (worn)
 Q - a +0 plate armour (worn)
Jewellery
 i - an amulet of regeneration (around neck)
 o - a ring of magical power (right hand)
 q - a ring of ice
 y - a ring of protection from cold (left hand)
 U - an amulet of reflection
 W - a ring of wizardry
Talismans
 c - a serpent talisman
Wands
 f - a wand of flame (15)
 G - a wand of roots (9)
 T - a wand of quicksilver (5)
Scrolls
 d - 3 scrolls of amnesia
 e - a scroll of vulnerability {unknown}
 j - 3 scrolls of poison
 l - 6 scrolls of teleportation
 s - a scroll of brand weapon {unknown}
 u - 3 scrolls of fog
 x - 2 scrolls of enchant armour
 B - 3 scrolls of fear
 H - a scroll of summoning {unknown}
 I - 2 scrolls of immolation {unknown}
 K - a scroll of blinking {unknown}
 L - a scroll of acquirement {unknown}
 M - 2 scrolls of revelation {unknown}
 N - 4 scrolls of noise
Potions
 h - 6 potions of curing {unknown}
 k - 4 potions of magic
 m - 2 potions of lignification
 n - 4 potions of ambrosia
 p - 4 potions of might
 v - 2 potions of invisibility {unknown}
 z - 2 potions of cancellation {unknown}
 C - 3 potions of degeneration
 D - a potion of experience
 E - 6 potions of mutation
 J - a potion of attraction {unknown}
 R - a potion of haste {unknown}
 V - 2 potions of berserk rage {unknown}
Miscellaneous
 S - a lightning rod (4/4)


   Skills:
 * Level 9.7 Fighting
 - Level 14.0 Maces & Flails
 * Level 7.4 Armour
 - Level 1.5 Dodging
 - Level 2.0 Spellcasting
 - Level 3.2 Conjurations
 + Level 2.2 Earth Magic
 + Level 9.1 Invocations


You had 15 spell levels left.
You didn't know any spells.
Your spell library contained the following spells:

 Spells                   Type           Power      Damage    Failure   Level
 Sandblast                Erth           14%        2d6       91%         1
 Kiss of Death            Conj/Necr      20%        2d7       95%         1
 Apportation              Tloc           2%         N/A       99%         1
 Necrotise                Necr           4%         1d4       99%         1
 Summon Small Mammal      Summ           4%         N/A       99%         1
 Momentum Strike          Conj/Tloc      10%        3d8       99%         2
 Passwall                 Tmut/Erth      3%         N/A       99%         2
 Stone Arrow              Conj/Erth      16%        3d8       99%         3
 Hailstorm                Conj/Ice       5%         3d4       100%        3
 Ignite Poison            Fire/Tmut/Pois 1%         N/A       100%        3
 Summon Guardian Golem    Hex/Summ       1%         N/A       100%        3
 Brom's Barrelling Bould  Conj/Erth      8%         2d3       100%        4
 Freezing Cloud           Conj/Ice/Air   2%         6-21      100%        5
 Orb of Destruction       Conj           4%         9d5       100%        7
 Spellforged Servitor     Conj/Summ      2%         N/A       100%        7
 Cigotuvi's Dreadful Rot  Necr/Pois/Air  Unusable   N/A       N/A         2

Dungeon Overview and Level Annotations

Branches:
Dungeon (10/15)            Temple (0/1) D:6            Lair (1/5) D:8
Ossuary (visited)          Bailey (visited)         Volcano (1/1)
    Orc: D:9-12

Altars:
Cheibriados
Elyvilon
Fedhas
Makhleb
Qazlal
Ru
Uskayaw
Vehumet

Shops:
D:4 !   D:10 ?

Annotations:
D:3 1 runed translucent door, Crazy Yiuf


Innate Abilities, Weirdness & Mutations

You are immune to sickness and miasma.
Your stone body is resilient. (AC +8)
You are immune to poison.
You resist negative energy. (rN+)
You are resistant to electric shocks. (rElec)
You are resistant to unholy torment.
You are immune to petrification.


Message History

The deep elf pyromancer gestures wildly while chanting.
You barely miss the deep elf pyromancer.
The deep elf pyromancer is severely wounded.
The fire elemental hits you. The fire elemental burns you!
You block the deep elf pyromancer's attack.
You closely miss the deep elf pyromancer.
The deep elf pyromancer is severely wounded.
The fire elemental hits you.
You block the deep elf pyromancer's attack.
You miss the deep elf pyromancer.
The deep elf pyromancer is severely wounded.
The fire elemental hits you.
You block the deep elf pyromancer's attack.
The fire elemental hits you.
You closely miss the deep elf pyromancer.
The deep elf pyromancer is severely wounded.
The deep elf pyromancer mumbles some strange words.
The deep elf pyromancer blinks!
The fire elemental hits you. The fire elemental burns you!
The deep elf pyromancer points at you and mumbles some strange words.
The sticky flame hits you but does no damage.
You are covered in liquid flames!
You are covered in liquid flames!
The fire elemental sizzles in the rain.
The fire elemental is engulfed in a thunderstorm.
The fire elemental barely misses you.
The fire elemental is engulfed in freezing vapours.
The fire elemental hits you. The fire elemental burns you!
The deep elf pyromancer gestures wildly while chanting.
The deep elf pyromancer blinks!
The fire elemental sizzles in the rain.
The fire elemental is engulfed in a thunderstorm.
The fire elemental hits you. The fire elemental burns you!
The fire elemental is engulfed in freezing vapours.
The fire elemental hits you. The fire elemental burns you!
You are covered in liquid flames!
* * * LOW HITPOINT WARNING * * *
The deep elf pyromancer gestures at you while chanting.
The bolt of fire hits you!!!
Ouch! That really hurt!
You die...

#e#+#.#..≈. #.###
###...#... #..∩#
#.....'..####..∩#
#.....####..'.###
#)..###.....###≈≈≈
#○###.....###§§§≈##
#○E.#...###≈§§§###
#○E°'.###≈§≈§###
#e@.###§§§≈###
#.###≈§§§###
###§§≈≈### #≈≈§≈###
§≈≈### ###


You could see a deep elf pyromancer and 2 fire elementals.

Vanquished Creatures
  An orc warlord (Bailey)
  Erica (D:8)
  2 two-headed ogres
  Pikel (D:7)
  3 deep elf pyromancers
  Jeremiah (D:6)
  Maggie (D:10)
  A troll (D:8)
  3 blink frogs (D:8)
  Prince Ribbit (D:7)
  3 shadows
  4 fire elementals (Volcano)
  20 yaks
  A steam dragon (D:8)
  A water moccasin (D:5)
  2 hell hounds (Volcano)
  13 orc warriors
  A black bear (D:4)
  A sky beast (D:7)
  2 ogres
  3 wolves
  2 centaurs
  2 lemures (D:8)
  2 kobold brigands
  An elf zombie (Ossuary)
  Blork the orc (D:4)
  4 bullfrogs
  A gnoll sergeant (D:7)
  A troll zombie (Ossuary)
  6 howler monkeys
  2 electric eels (D:8)
  2 centaur zombies (Ossuary)
  9 hounds
  2 human zombies (Ossuary)
  9 orc priests
  2 gnoll boudas
  Ijyb (D:3)
  6 iguanas
  9 orc wizards
  2 sleepcaps
  2 ogre zombies (Ossuary)
  7 mummies (Ossuary)
  Robin (D:3)
  21 gnolls
  9 adders
  3 white imps
  5 ufetubi
  5 adder zombies (Ossuary)
  2 worms
  3 dart slugs
  39 orcs
  7 ball pythons
  10 endoplasms
  3 giant cockroaches
  27 goblins
  10 hobgoblins
  7 jackals (D:2)
  A quokka (D:4)
  3 bats
  2 frilled lizards
  5 goblin zombies (Ossuary)
  5 hobgoblin zombies (Ossuary)
  13 kobolds
  3 kobold zombies (Ossuary)
  2 quokka zombies (Ossuary)
  4 rats
  2 rat zombies (Ossuary)
331 creatures vanquished.

Vanquished Creatures (collateral kills)
  An orc warrior (Bailey)
  A gnoll (Bailey)
  An orc (Bailey)
  A goblin (Bailey)
4 creatures vanquished.

Grand Total: 335 creatures vanquished

Notes
Turn   | Place    | Note
-------+----------+-------------------------------------------
     0 | D:1      | DeathSun the Gargoyle Reaver began the quest for the Orb.
     0 | D:1      | Reached XP level 1. HP: 12/12 MP: 3/3
   146 | D:1      | Reached XP level 2. HP: 12/17 MP: 5/5
   387 | D:1      | Found a faded altar of an unknown god.
   702 | D:2      | Reached skill level 4 in Maces & Flails
   710 | D:2      | Reached XP level 3. HP: 20/21 MP: 6/6
  1426 | D:3      | Reached XP level 4. HP: 26/26 MP: 7/7
  1514 | D:3      | Found a white marble altar of Elyvilon.
  1516 | D:3      | Reached skill level 5 in Maces & Flails
  1679 | D:3      | Noticed Ijyb
  1699 | D:3      | Killed Ijyb
  1741 | D:3      | Noticed Robin
  1780 | D:3      | Reached XP level 5. HP: 15/22 MP: 6/8
  1793 | D:3      | Killed Robin
  2074 | D:3      | Found a stormy altar of Qazlal.
  2140 | D:3      | Became a worshipper of Qazlal Stormbringer
  2223 | D:3      | Found a runed translucent door.
  2224 | D:3      | Noticed Crazy Yiuf
  2268 | D:3      | Found a blossoming altar of Fedhas.
  2282 | D:3      | Reached skill level 6 in Maces & Flails
  2557 | D:4      | Reached XP level 6. HP: 35/35 MP: 9/9
  2567 | D:4      | Noticed Blork the orc
  2597 | D:4      | Killed Blork the orc
  2598 | D:4      | Reached skill level 1 in Invocations
  2617 | D:4      | Noticed a black bear
  2705 | D:4      | Reached skill level 7 in Maces & Flails
  2797 | D:4      | Found Raof's Distillery.
  2804 | D:4      | Bought a potion of lignification for 42 gold pieces
  2804 | D:4      | Bought a potion of degeneration for 14 gold pieces
  2804 | D:4      | Bought a potion of heal wounds for 70 gold pieces
  2894 | D:4      | Reached XP level 7. HP: 40/40 MP: 10/10
  2989 | D:5      | Entered Level 5 of the Dungeon
  3216 | D:5      | Found a sand-covered staircase.
  3222 | Ossuary  | Entered an ossuary
  3304 | Ossuary  | Reached skill level 8 in Maces & Flails
  3400 | Ossuary  | Reached * piety under Qazlal
  3401 | Ossuary  | Reached XP level 8. HP: 37/44 MP: 11/11
  3865 | D:4      | Reached skill level 9 in Maces & Flails
  3935 | D:5      | Reached ** piety under Qazlal
  4132 | D:5      | Reached skill level 5 in Invocations
  4513 | D:6      | Noticed Jeremiah
  4730 | D:6      | Reached skill level 10 in Maces & Flails
  4783 | D:6      | Found a staircase to the Ecumenical Temple.
  4853 | D:6      | Found a burning altar of Makhleb.
  4855 | D:6      | Noticed a cacodemon
  5014 | D:7      | Reached XP level 9. HP: 51/51 MP: 12/12
  5063 | D:7      | Noticed Prince Ribbit
  5085 | D:7      | Killed Prince Ribbit
  5587 | D:7      | Reached skill level 11 in Maces & Flails
  5598 | D:8      | Noticed a troll
  5622 | D:7      | Reached skill level 5 in Fighting
  5897 | D:8      | Noticed Pikel
  5917 | D:7      | Reached *** piety under Qazlal
  5925 | D:7      | Killed Pikel
  5932 | D:8      | Found a staircase to the Lair.
  5935 | D:8      | Reached skill level 12 in Maces & Flails
  5970 | D:8      | Reached XP level 10. HP: 57/60 MP: 13/13
  6030 | D:8      | Noticed a two-headed ogre
  6321 | D:6      | Found a sacrificial altar of Ru.
  6524 | D:6      | Killed Jeremiah
  6525 | D:6      | Reached skill level 13 in Maces & Flails
  6657 | D:9      | Found a flagged portal.
  6666 | Bailey   | Entered a bailey
  6712 | Bailey   | Reached **** piety under Qazlal
  6870 | Bailey   | Noticed an orc warlord
  6906 | Bailey   | Killed an orc warlord
  6907 | Bailey   | Reached skill level 14 in Maces & Flails
  6924 | Bailey   | Identified the +8 war axe of Viroa {freeze, rPois rF-
                  | Int+2}
  7095 | D:9      | Noticed a two-headed ogre
  7127 | D:8      | Reached skill level 1 in Armour
  7158 | D:8      | Reached XP level 11. HP: 32/64 MP: 16/16
  7369 | D:8      | Killed a two-headed ogre
  7774 | D:8      | Noticed Erica
  7790 | D:8      | Killed Erica
  7965 | D:8      | You fall into a shaft and drop 2 floors!
  7965 | D:10     | Entered Level 10 of the Dungeon
  8051 | D:10     | Found a hide-covered altar of Uskayaw.
  8228 | D:10     | Noticed Maggie
  8230 | D:10     | Killed Maggie
  8328 | D:10     | Found Uxuef's Magic Scroll Emporium.
  8336 | D:10     | Bought a scroll of fear for 68 gold pieces
  8336 | D:10     | Bought a scroll of teleportation for 51 gold pieces
  8336 | D:10     | Bought a scroll of enchant armour for 127 gold pieces
  8337 | D:10     | Noticed a deep elf pyromancer
  8347 | D:10     | Killed a deep elf pyromancer
  8348 | D:10     | Reached skill level 5 in Armour
  8551 | D:9      | Killed a two-headed ogre
  8554 | D:9      | Found a snail-covered altar of Cheibriados.
  8820 | D:9      | Found a radiant altar of Vehumet.
  9175 | Lair:1   | Entered Level 1 of the Lair of Beasts
  9215 | D:8      | Reached XP level 12. HP: 23/76 MP: 18/18
  9295 | D:8      | Reached skill level 1 in Earth Magic
  9316 | Lair:1   | Found a dark tunnel.
  9325 | Volcano  | Entered a volcano
  9435 | Volcano  | Killed from afar by a deep elf pyromancer

Illustrated notes

Levels and vault maps discovered:
D:1:      evilmike_arrival_rings, layout_rooms,
          hellmonk_ecumenical_altar_crossroads
D:2:      layout_basic, minmay_pentomino_v2
D:3:      layout_basic, grunt_qazlal_clouds, mainiacjoe_overflow_24_doors,
          lemuel_tele_altar, st_stairs_9, nicolae_kite_square_tiling_tiny,
          uniq_crazy_yiuf_cottage, uniq_robin, uniq_ijyb
D:4:      layout_rooms, serial_shops, nicolae_shop_industrial_runoff, hex_tiny,
          uniq_blork_the_orc
D:5:      layout_gridville, lightli_ossuary_entry_decrepit_ruins
D:6:      layout_rooms, nicolae_ru_sacrificial_ziggurat,
          makhleb_altar_promises_db, minmay_temple_entry_proselytizer,
          uniq_jeremiah
D:7:      layout_rooms, uniq_prince_ribbit1
D:8:      layout_layer_cave, erik_lair_island, uniq_pikel, uniq_erica
D:9:      layout_rooms, fiery_altar_vehumet, mainiacjoe_overflow_brackets,
          enter_bailey_3
D:10:     layout_roguey, nicolae_uskayaw_murder_on_the_dancefloor,
          serial_curves, eino_curves_02, eino_curves_02, eino_curves_03,
          serial_shops, nicolae_shop_temple_entry_statues_fountains, uniq_maggie
Lair:1:   layout_roguey [special_room_bee], portal_ice_cave_entry_ice_simulacra,
          lightli_volcano_entry_magma_tube, nicolae_lair_lil_pond,
          ldierk_geyser, minmay_lair_oklob_items, roderic_batcave,
          lemuel_fruit_tree
Volcano:  hellmonk_pyromancer_palace

Skill      XL: |  1  2  3  4  5  6  7  8  9 10 11 12 |
---------------+-------------------------------------+-----
Maces & Flails | 4 5 6 7 8 10 12 14 | 14.0
Invocations    | 2 3 5 7 8 9 |  9.1
Fighting       | 3 6 9 |  9.7
Armour         | 1 6 7 |  7.4
Earth Magic    | 2 |  2.2
Dodging        | |  1.5
Spellcasting   | |  2.0
Conjurations   | |  3.2

Action                     |  1- 3 |  4- 6 |  7- 9 | 10-12 || total
---------------------------+-------+-------+-------+-------++-------
  Melee: Mace              |   104 |    19 |       |       ||   123
         Punch             |     1 |     3 |     7 |       ||    11
         Flail             |       |   164 |   647 |   402 ||  1213
   Cast: Kiss of Death     |       |     2 |       |       ||     2
 Invoke: Upheaval          |       |       |       |     7 ||     7
         Elemental Force   |       |       |       |     2 ||     2
  Evoke: Wand              |       |    11 |     7 |       ||    18
    Use: Scroll            |       |     1 |       |     9 ||    10
         Potion            |       |       |     2 |     3 ||     5
 Armour: Leather armour    |    68 |   105 |       |       ||   173
         Scale mail        |       |    35 |   537 |    87 ||   659
         Plate armour      |       |       |       |   297 ||   297
  Dodge: Dodged            |    76 |    92 |   269 |   101 ||   538
         Repelled          |       |       |       |     2 ||     2
  Block: Buckler           |       |       |    86 |   145 ||   231
         Other             |       |       |     8 |       ||     8

Table legend: (Time is in decaauts)
 A = Elapsed time spent in this place.
 B = Non-inter-level travel time spent in this place.
 C = Inter-level travel time spent in this place.
 D = Time resting spent in this place.
 E = Time spent auto-exploring this place.
 F = Levels seen in this place.
 G = Mean time per level.
                   A        B        C        D        E       F      G
               +--------+--------+--------+--------+--------+-----+--------+
         Total |   9525 |   8996 |    529 |      0 |   5448 |  14 |  680.4 |
       Dungeon |   8385 |   7856 |    529 |      0 |   5035 |  10 |  838.5 |
          Lair |     64 |     64 |      0 |      0 |      0 |   1 |   64.0 |
       Ossuary |    544 |    544 |      0 |      0 |    254 |   1 |  544.0 |
        Bailey |    418 |    418 |      0 |      0 |    159 |   1 |  418.0 |
       Volcano |    112 |    112 |      0 |      0 |      0 |   1 |  112.0 |
               +--------+--------+--------+--------+--------+-----+--------+

Top non-repeatable levels by time:
     D:8: 1546 daAuts
     D:3: 1091 daAuts
     D:5: 967 daAuts
     D:7: 907 daAuts
     D:2: 750 daAuts
     D:6: 715 daAuts
     D:1: 666 daAuts
     D:9: 623 daAuts
     D:4: 599 daAuts
 Ossuary: 544 daAuts
    D:10: 516 daAuts
  Bailey: 418 daAuts
 Volcano: 112 daAuts
  Lair:1: 64 daAuts
